 Dungeon Crawl Stone Soup version 0.18-a0-1273-g8ec5f8e (webtiles) character file.

158 vatarom the Chiller (level 5, -3/35 HPs)
             Began as a High Elf Ice Elementalist on Feb 7, 2016.
             Slain by a black bear (6 damage)
             ... on level 4 of the Dungeon.
             The game lasted 00:10:02 (3107 turns).

vatarom the Chiller (High Elf Ice Elementalist)     Turns: 3107, Time: 00:10:03

Health: -3/35      AC:  2    Str:  8    XL:     5   Next: 16%
Magic:  0/8        EV: 12    Int: 19    God:
Gold:   124        SH:  0    Dex: 15    Spells: 3 memorised, 2 levels left

rFire  . . .     SeeInvis .     n - +3 whip
rCold  . . .     Gourm    .     a - +0 robe
rNeg   . . .     Faith    .     (no shield)
rPois  .         Spirit   .     (no helmet)
rElec  .         Dismiss  .     (no cloak)
rCorr  .         Reflect  .     (no gloves)
SustAt .         Harm     .     (no boots)
MR     .....                    m - amulet of regeneration
Stlth  ++........               (no ring)
                                (no ring)

@: not resistant to hostile enchantments, unstealthy
A: hooves 1, low mp 1
a: no special abilities


You were on level 4 of the Dungeon.
You were not hungry.

You visited 1 branch of the dungeon, and saw 4 of its levels.

You collected 124 gold pieces.

Inventory:

Hand Weapons
 j - a +1 dagger of draining
 n - a +3 whip (weapon)
Armour
 a - a +0 robe (worn)
Jewellery
 m - an amulet of regeneration (around neck)
Scrolls
 d - 2 scrolls of amnesia
 g - 2 scrolls of identify
 h - a scroll of enchant weapon
 i - 2 scrolls of magic mapping
 k - 3 scrolls of remove curse
Potions
 e - 4 potions of curing
 l - a potion of magic {unknown}
Books
 b - a book of Frost

   Spells                             Type                      Level
   a - Freeze                         Ice                          1
   b - Throw Frost                    Conjuration/Ice              2
   c - Ozocubu's Armour               Charms/Ice                   3
   d - Throw Icicle                   Conjuration/Ice              4
   e - Summon Ice Beast               Ice/Summoning                4
   f - Condensation Shield            Ice                          4
 f - a book of Clouds

   Spells                             Type                      Level
   a - Mephitic Cloud                 Conjuration/Poison/Air       3
   b - Conjure Flame                  Conjuration/Fire             3
   c - Poisonous Cloud                Conjuration/Poison/Air       6
   d - Freezing Cloud                 Conjuration/Ice/Air          6
   e - Ring of Flames                 Charms/Fire                  7
Comestibles
 c - a bread ration


   Skills:
 + Level 2.6 Fighting
 - Level 2.1 Dodging
 - Level 2.1 Stealth
 - Level 2.4 Spellcasting
 * Level 3.2 Conjurations
 * Level 4.1 Ice Magic


You had 2 spell levels left.
You knew the following spells:

 Your Spells              Type           Power        Failure   Level  Hunger
a - Freeze                Ice            ###.         3%          1    #......
b - Throw Frost           Conj/Ice       ###...       8%          2    ##.....
c - Ozocubu's Armour      Chrm/Ice       ##......     21%         3    ###....


Dungeon Overview and Level Annotations

Branches:
Dungeon (4/15)
 Temple: D:4-7

Altars:
Trog


Innate Abilities, Weirdness & Mutations

You have large cloven feet.
Your magical capacity is low (-10% MP).


Message History

* * * LOW HITPOINT WARNING * * *
The black bear closely misses you. The black bear bites you.
* * * LOW HITPOINT WARNING * * *
The black bear claws you.
* * * LOW HITPOINT WARNING * * *
The black bear claws you but does no damage.
Casting: Freeze
Confirm with . or Enter, or press ? or * to list all spells.
Aiming: Freeze
Press: ? - help, Shift-Dir - straight line, f/p - black bear
Aim: a black bear (almost dead, berserk, fast, unusually strong)
You freeze the black bear.
The black bear is almost dead.
The black bear misses you. The black bear claws you.
* * * LOW HITPOINT WARNING * * *
The black bear barely misses you.
You closely miss the black bear.
The black bear is almost dead.
The black bear misses you. The black bear claws you.
You die...

#########.#
..........#
######.###
#[## #..#
##.## ##.###
## ##..####
#.%##
##..@h##.....#
###.........#
######.%.## ##


You could see a black bear (berserk).

Vanquished Creatures
  A hound (D:4)
  5 adders
  An ooze (D:1)
  An adder skeleton (D:3)
  2 worms (D:3)
  A giant gecko (D:2)
  2 ball pythons
  11 bats
  5 giant cockroaches
  12 goblins
  7 hobgoblins
  3 quokkas
  5 giant newts
  7 kobolds
  7 rats
70 creatures vanquished.

Notes
Turn   | Place    | Note
--------------------------------------------------------------
     0 | D:1      | vatarom the High Elf Ice Elementalist began the quest for the Orb.
     0 | D:1      | Reached XP level 1. HP: 11/11 MP: 4/4
    95 | D:1      | Reached skill level 1 in Fighting
   170 | D:1      | Reached XP level 2. HP: 18/18 MP: 4/6
   376 | D:1      | Gained mutation: Your magical capacity is low (-10% MP). [potion of mutation]
   376 | D:1      | Gained mutation: You have large cloven feet. [potion of mutation]
   388 | D:1      | Learned a level 2 spell: Throw Frost
   936 | D:1      | Reached XP level 3. HP: 17/24 MP: 1/6
   960 | D:1      | Learned a level 3 spell: Ozocubu's Armour
  1474 | D:2      | Found a faded altar to an unknown god.
  1710 | D:2      | Reached XP level 4. HP: 22/29 MP: 4/7
  2515 | D:3      | Found a bloodstained altar of Trog.
  2746 | D:3      | Reached skill level 4 in Ice Magic
  3009 | D:4      | Reached XP level 5. HP: 23/35 MP: 3/8
  3094 | D:4      | Noticed a black bear
  3107 | D:4      | Slain by a black bear

Vault maps used:
D:1:      shiori_shiawase
D:2:      ecumenical_altar_2
D:3:      overflow_temple_1_default
D:4:      black_bear_nest_1, serial_shops, shop_fountains

Action                   |  1- 3 |  4- 6 || total
-------------------------+-------+-------++-------
Melee: Unarmed           |     2 |       ||     2
       Dagger            |    16 |     1 ||    17
       Whip              |       |    39 ||    39
 Cast: Freeze            |    51 |    26 ||    77
       Throw Frost       |     9 |    12 ||    21
  Use: Scroll            |     4 |     5 ||     9
       Potion            |     2 |       ||     2
 Stab: Sleeping          |     1 |     3 ||     4
  Eat: Bread ration      |     1 |     1 ||     2
       Beef jerky        |       |     1 ||     1
